 Dungeon Crawl Stone Soup version 0.31-a0-236-g9a0961fb85 (webtiles) character file.

Game seed: 1068598657692973106

552 BubbleThief the Insei (level 7, 0/49 HPs)
             Began as an Octopode Transmuter on July 10, 2023.
             Slain by Pikel
             ... wielding a +2 whip of freezing
              (1 damage)
             ... on level 4 of the Dungeon.
             The game lasted 00:06:07 (3623 turns).

BubbleThief the Insei (Octopode Transmuter)         Turns: 3623, Time: 00:06:08

Health: 0/49       AC:  2    Str: 12    XL:     7   Next: 29%
Magic:  4/10       EV: 19    Int: 15    God:
Gold:   1149       SH:  0    Dex: 17    Spells: 4/10 levels left

rFire   . .          .
                       - Unarmed
rCold   . . .        (shield currently unavailable)
rNeg    . . .        (helmet currently unavailable)
rPois   x            (no amulet)
rElec   .            (no ring)
rCorr   .            (no ring)
SInv    .            (no ring)
Will    .....        (no ring)
Stlth   ++           (no ring)
HPRegen 0.28/turn    (no ring)
MPRegen 0.12/turn    (no ring)
                     (no ring)

%: no passive effects
@: spider-form (expiring), wereblooded
A: venomous fangs, almost no armour, (amphibious), 8 rings, tiny, (camouflage
1), (gelatinous body 1), (nimble swimmer 1), (tentacles)
a: End Transformation


You were on level 4 of the Dungeon.
You were a venomous arachnid creature.
You visited 1 branch of the dungeon, and saw 4 of its levels.

You collected 1224 gold pieces.
You spent 75 gold pieces at shops.

Inventory:

Jewellery
 i - a ring of fire
Scrolls
 b - a scroll of silence {unknown}
 g - a scroll of identify
Potions
 a - a potion of lignification
 c - a potion of brilliance {unknown}
 d - 2 potions of enlightenment
 f - a potion of mutation {unknown}
 j - a potion of curing


   Skills:
 + Level 4.4 Fighting
 - Level 2.0 Dodging
 + Level 5.2 Unarmed Combat
 - Level 2.0 Spellcasting
 + Level 4.7 Transmutations


You had 4 spell levels left.
You knew the following spells:

 Your Spells              Type           Power      Damage    Failure   Level
a - Beastly Appendage     Tmut           30%        N/A       11%         1
b - Wereblood             Tmut           15%        N/A       14%         2
c - Spider Form           Tmut/Pois      8%         N/A       47%         3

Your spell library contained the following spells:

 Spells                   Type           Power      Damage    Failure   Level
 Ice Form                 Ice/Tmut       8%         N/A       82%         4


Dungeon Overview and Level Annotations

Branches:
Dungeon (4/15)
 Temple: D:4-7

Altars:
Dithmenos
Elyvilon
Uskayaw

Shops:
D:3 *

Annotations:
D:4 Pikel


Innate Abilities, Weirdness & Mutations

You are a venomous arachnid creature.
You have venomous fangs.
You are tiny and dextrous.
Your spellcasting is less reliable in this form.
Your armour is entirely melded.
You are incapable of wielding weapons or throwing items.
You cannot wear most types of armour.
((You are amphibious.))
You can wear up to eight rings at the same time.
((Your skin changes colour to match your surroundings (Stealth+).))
((Your rubbery body absorbs attacks. (AC +1, EV +1)))
((You are camouflaged when in or above water. (Stealth+)))
((You have tentacles for arms and can constrict up to eight enemies at once.))


Message History

Your tentacle spike disappears.
Casting: Beastly Appendage (safe; 3% risk of failure)
Confirm with . or Enter, or press ? or * to list all spells.
You miscast Spider Form.
You are very lightly contaminated with residual magic.
Nothing appears to happen.
The lemure shouts!
Casting: Spider Form (dangerous; 26% risk of failure)
Confirm with . or Enter, or press ? or * to list all spells.
You turn into a venomous arachnid creature.
You completely miss Pikel. Pikel completely misses you.
You hit Pikel.
Pikel is poisoned.
Pikel is lightly wounded.
Pikel completely misses you.
You hit Pikel but do no damage.
Pikel looks as sick as possible!
Pikel is lightly wounded.
Pikel misses you. Pikel attacks as you move away!
Pikel hits you with a +2 whip of freezing!
Pikel freezes you.
Your magical contamination has completely faded away.
Your transformation is almost over.
There is a hide-covered altar of Uskayaw here.
Casting: Spider Form (quite dangerous; 47% risk of failure)
Confirm with . or Enter, or press ? or * to list all spells.
Your blood is infused with primal strength.
You hit the lemure but do no damage.
The lemure is poisoned.
The lemure closely misses you.
Pikel says, "You'll rust in Dis!"
Pikel hits you with a +2 whip of freezing!
* * * LOW HITPOINT WARNING * * *
Pikel freezes you.
* * * LOW HITPOINT WARNING * * *
You completely miss the lemure.
The lemure is lightly wounded.
The lemure misses you.
Pikel hits you with a +2 whip of freezing!
* * * LOW HITPOINT WARNING * * *
Pikel freezes you.
You die...

#####.........#
.............(##.
#######..........
# ##.....###. #
####.....## #
#.......#####
####.#....##...##
#......####.....##
....######.....5s#
............._.K.#
#######..#.......#
.........##.....##
.....#######...##
...........#####
.............
......##.....
..55..# ....


You could see Pikel (very poisoned) and a lemure (very poisoned).

Vanquished Creatures
  Sigmund (D:4)
  3 lemures (D:4)
  A centaur (D:3)
  The ghost of hgbash the Conjurer, a weakling DECj (D:3)
  2 iguanas
  Natasha (thrice) (D:3)
  Robin (D:3)
  6 adders
  4 dart slugs
  An orc (D:4)
  8 ball pythons
  5 endoplasms
  4 giant cockroaches
  8 hobgoblins
  4 jackals (D:4)
  7 kobolds
  4 quokkas
  3 bats
  11 frilled lizards
  14 goblins
  4 rats
95 creatures vanquished.

Notes
Turn   | Place    | Note
-------+----------+-------------------------------------------
     0 | D:1      | BubbleThief the Octopode Transmuter began the quest for the
                  | Orb.
     0 | D:1      | Reached XP level 1. HP: 13/13 MP: 3/3
    59 | D:1      | Reached XP level 2. HP: 13/18 MP: 1/5
   125 | D:1      | You fall into a shaft and drop 1 floor!
   193 | D:1      | Reached XP level 3. HP: 20/24 MP: 4/6
   505 | D:1      | Learned a level 2 spell: Wereblood
  1015 | D:2      | Reached XP level 4. HP: 29/29 MP: 4/7
  1045 | D:2      | Found a faded altar of an unknown god.
  1849 | D:3      | Found a runed translucent door.
  1873 | D:3      | Noticed Natasha
  1883 | D:3      | Killed Natasha
  1884 | D:3      | Reached skill level 4 in Unarmed Combat
  1884 | D:3      | Reached XP level 5. HP: 16/36 MP: 6/8
  2013 | D:3      | Noticed Robin
  2022 | D:3      | Killed Robin
  2058 | D:3      | Found Rysteomp's Assorted Antiques.
  2062 | D:3      | Bought a potion of curing for 75 gold pieces
  2466 | D:3      | Noticed Natasha
  2477 | D:3      | Killed Natasha
  2655 | D:3      | Noticed a centaur
  2666 | D:3      | Killed a centaur
  2667 | D:3      | Reached XP level 6. HP: 5/42 MP: 7/9
  2918 | D:3      | Identified a scroll of acquirement
  2918 | D:3      | Acquired 1009 gold pieces
  3036 | D:3      | Noticed Natasha
  3043 | D:3      | Killed Natasha
  3148 | D:3      | Noticed hgbash's ghost (weakling DECj)
  3161 | D:3      | Killed hgbash's ghost
  3255 | D:4      | Found a shadowy altar of Dithmenos.
  3275 | D:4      | Noticed Sigmund
  3286 | D:4      | Killed Sigmund
  3287 | D:4      | Reached skill level 5 in Unarmed Combat
  3287 | D:4      | Reached XP level 7. HP: 35/49 MP: 6/10
  3377 | D:4      | Learned a level 3 spell: Spider Form
  3430 | D:4      | Found a white marble altar of Elyvilon.
  3595 | D:4      | Noticed Pikel
  3596 | D:4      | Found a hide-covered altar of Uskayaw.
  3623 | D:4      | HP: 1/49 [Pikel/+2 whip of freezing (7)]
  3623 | D:4      | Slain by Pikel

Illustrated notes

Levels and vault maps discovered:
D:1:      minmay_arrival_five_plusses, layout_loops_ring,
          minmay_splitting_lines, minmay_lizard_king
D:2:      layout_loops_cross, ebering_ecumenical_altar_petrified,
          minmay_misc_feat_x
D:3:      layout_loops_corners, ebering_ghost_reflecting_pool, serial_shops,
          shop, kennysheep_generic_room_14, uniq_natasha, uniq_robin
D:4:      layout_rooms, kennysheep_mini, nicolae_elyvilon_temple_path,
          nicolae_dithmenos_through_a_glass_darkly, lemuel_round_altar,
          uniq_pikel, uniq_sigmund, uniq_blork_the_orc

Skill      XL: |  1  2  3  4  5  6 |
---------------+-------------------+-----
Fighting       | 2 3 4 |  4.4
Transmutations | 3 4 |  4.7
Unarmed Combat | 4 5 |  5.2
Dodging        | |  2.0
Spellcasting   | |  2.0

Action                     |  1- 3 |  4- 6 |  7- 9 || total
---------------------------+-------+-------+-------++-------
  Melee: Unarmed           |    67 |   101 |    41 ||   209
         Kick              |    20 |    33 |     8 ||    61
         Constrict         |    21 |    26 |     4 ||    51
         Tentacles         |    13 |    21 |     5 ||    39
         Punch             |       |       |     2 ||     2
   Cast: Beastly Appendage |    15 |    25 |     2 ||    42
         Wereblood         |     2 |     5 |     2 ||     9
         Spider Form       |       |       |     3 ||     3
    Use: Scroll            |     1 |     8 |       ||     9
         Potion            |     1 |       |       ||     1
   Stab: Sleeping          |     4 |     6 |       ||    10
         Distracted        |     1 |       |       ||     1
 Armour: Skin              |    11 |     5 |       ||    16
  Dodge: Dodged            |    28 |    45 |    22 ||    95

Table legend: (Time is in decaauts)
 A = Elapsed time spent in this place.
 B = Non-inter-level travel time spent in this place.
 C = Inter-level travel time spent in this place.
 D = Time resting spent in this place.
 E = Time spent auto-exploring this place.
 F = Levels seen in this place.
 G = Mean time per level.
                   A        B        C        D        E       F      G
               +--------+--------+--------+--------+--------+-----+--------+
         Total |   3605 |   3506 |     99 |     20 |   2867 |   4 |  901.2 |
       Dungeon |   3605 |   3506 |     99 |     20 |   2867 |   4 |  901.2 |
               +--------+--------+--------+--------+--------+-----+--------+

Top non-repeatable levels by time:
     D:3: 1541 daAuts
     D:1: 929 daAuts
     D:2: 760 daAuts
     D:4: 374 daAuts
